 Dungeon Crawl Stone Soup version 0.21-a0-460-g737a915 (webtiles) character file.

83 theanonym the Chopper (level 4, -4/39 HPs)
             Began as a Hill Orc Monk on Nov 20, 2017.
             Killed from afar by an orc wizard (10 damage)
             ... with a puff of flame
             ... on level 3 of the Dungeon.
             The game lasted 00:03:04 (2991 turns).

theanonym the Chopper (Hill Orc Monk)               Turns: 2991, Time: 00:03:05

Health: -4/39      AC:  3    Str: 14    XL:     4   Next: 44%
Magic:  4/4        EV: 18    Int: 10    God:
Gold:   142        SH:  0    Dex: 18    Spells: 3/3 levels left

rFire    . . .     SeeInvis .   a - +0 hand axe
rCold    . . .     Gourm    .   (no shield)
rNeg     . . .     Faith    .   l - +0 leather armour
rPois    .         Spirit   .   (no helmet)
rElec    .         Reflect  .   (no cloak)
rCorr    .         Harm     .   (no gloves)
MR       .....                  (no boots)
Stlth    +++.......             (no amulet)
HPRegen  0.13/turn              (no ring)
MPRegen  0.09/turn              (no ring)

@: agile
A: no striking features
a: no special abilities


   Skills:
 - Level 3.6 Fighting
 + Level 6.8 Axes
 - Level 2.4 Dodging
 - Level 1.5 Stealth


You had 3 spell levels left.
You didn't know any spells.

Skill      XL: |  1  2  3 |
---------------+----------+-----
Axes           | 5 6 |  6.8
Fighting       | |  3.6
Dodging        | |  2.4
Stealth        | |  1.5

Action                   |  1- 3 |  4- 6 || total
-------------------------+-------+-------++-------
Melee: Hand axe          |   133 |    32 ||   165
  Use: Potion            |       |     1 ||     1
 Stab: Sleeping          |     3 |       ||     3
  Eat: Chunk             |     5 |     1 ||     6
Armor: Robe              |     4 |       ||     4
       Leather armour    |    19 |     8 ||    27
Dodge: Dodged            |    79 |    18 ||    97

Inventory:

Hand Weapons
 a - a +0 hand axe (weapon)
Armour
 b - a +0 robe
 l - a +0 leather armour (worn)
   (You found it on level 1 of the Dungeon)
 o - a +0 pair of boots
   (You found it on level 1 of the Dungeon)
Jewellery
 k - an uncursed ring of stealth {unknown}
   (You found it on level 1 of the Dungeon)
Scrolls
 g - 2 scrolls of teleportation {unknown}
 i - a scroll of enchant weapon {unknown}
 n - 2 scrolls of fog {unknown}
 p - 3 scrolls of identify {unknown}
 q - a scroll of immolation {unknown}
 r - a scroll of enchant armour {unknown}
 s - a scroll of remove curse {unknown}
Potions
 e - a potion of curing {unknown}
 h - a potion of heal wounds {unknown}
 j - a potion of agility
Comestibles
 c - 5 bread rations
 d - 5 fruits
 f - 3 meat rations
 m - 3 chunks of flesh

Dungeon Overview and Level Annotations

Branches:
Dungeon (3/15)

Altars:

Annotations:
D:3 Scuka's ghost, amateur BaSu


You were on level 3 of the Dungeon.
You were hungry.

You visited 1 branch of the dungeon, and saw 3 of its levels.

You collected 142 gold pieces.


Message History

You hit the orc.
You kill the orc!
An orc comes into view. It is wielding a mace.
The orc wizard gestures wildly while chanting.
The orc wizard seems to speed up.
You start waiting.
The orc wizard completely misses you.
You hit the orc wizard. The orc wizard misses you.
The orc wizard points at you and mumbles some strange words.
The puff of flame hits you!
You take 7 damage, and have 32/39 hp.
You closely miss the orc wizard. The orc wizard hits you with a dagger.
You take 1 damage, and have 31/39 hp.
You hit the orc wizard.
The orc wizard gestures at you while chanting.
The puff of flame hits you! The orc wizard completely misses you.
You take 5 damage, and have 26/39 hp.
You are too injured to fight recklessly!
You are too injured to fight recklessly!
You are too injured to fight recklessly!
You hit the orc wizard but do no damage.
The orc wizard hits you but does no damage.
You closely miss the orc wizard. The orc wizard barely misses you.
It was a potion of agility.
You feel agile all of a sudden.
The orc wizard hits you but does no damage.
The orc wizard misses you.
You hit the orc wizard. The orc wizard closely misses you.
You closely miss the orc wizard. The orc wizard closely misses you.
The orc wizard misses you.
You closely miss the orc wizard. The orc wizard misses you.
You hit the orc wizard but do no damage.
The orc wizard hits you but does no damage. x2
You closely miss the orc wizard.
The orc wizard hits you but does no damage.
The orc wizard casts a spell.
The orc wizard seems to speed up.
You completely miss the orc wizard.
The orc wizard hits you but does no damage.
The orc wizard gestures wildly while chanting.
The orc wizard flickers and vanishes!
Deactivating autopickup; reactivate with Ctrl-A.
The orc wizard hits you with a dagger.
You take 1 damage, and have 26/39 hp.
You hit the orc wizard. The orc wizard closely misses you.
You hit the orc wizard.
The orc wizard mumbles some strange words.
The orc wizard flickers and vanishes!
Something hits you but does no damage.
You closely miss something.
You are feeling hungry.
Something hits you but does no damage.
You miss something. Something hits you but does no damage.
Something barely misses you.
You miss something.
You hear some strange, mumbled words.
A puff of frost appears from out of thin air!
The puff of frost hits something.
Reactivating autopickup.
You feel a bit more experienced. Something hits you but does no damage.
Deactivating autopickup; reactivate with Ctrl-A.
Something hits you but does no damage.
Things that are here:
a dagger; a robe; an orc corpse You barely miss something.
You hear some strange, mumbled words.
A puff of frost appears from out of thin air!
The puff of frost hits you!
You take 3 damage, and have 24/39 hp.
You miss something.
Something hits you but does no damage. x2
You closely miss something. Something closely misses you.
You hit something but do no damage. Something barely misses you.
Something hits you but does no damage.
You miss something. Something hits you.
You take 1 damage, and have 23/39 hp.
You barely miss something. Something hits you but does no damage.
Something barely misses you.
You hit something.
You hear some strange, mumbled words.
A magic dart appears from out of thin air!
The magic dart hits you!
* * * LOW HITPOINT WARNING * * *
You take 4 damage, and have 19/39 hp.
You closely miss something. Something barely misses you. Something hits you.
* * * LOW HITPOINT WARNING * * *
You take 5 damage, and have 14/39 hp.
You hit something. Something hits you but does no damage.
You miss something.
You hear some strange, mumbled words.
A puff of flame appears from out of thin air!
The puff of flame hits you!
* * * LOW HITPOINT WARNING * * *
Something hits you.
* * * LOW HITPOINT WARNING * * *
You take 8 damage, and have 6/39 hp.
MASSIVE DAMAGE!!
You hit something.
You hear some strange, mumbled words.
A puff of flame appears from out of thin air!
The puff of flame hits you!
You die...

...#.....##...............>.####.
#.##.######################.# #.
..##.# #.# #. .....##############
#.# ## ..................# #.#
.....###########.## #.# ........#
#>..##.# #.# #.......# #...##.#
#.##### #.......# #...##@######
#...... #.......###.....{.....#
####### #....o....†...........#
#. .....#########........# #.
.....# #........# #. .....
#..).....# #. ..... #........# #.
..... #........# #. .####
########## ##


There were no monsters in sight!

Notes
Turn   | Place    | Note
-------+----------+-------------------------------------------
     0 | D:1      | theanonym the Hill Orc Monk began the quest for the Orb.
     0 | D:1      | Reached XP level 1. HP: 19/19 MP: 1/1
   132 | D:1      | Reached XP level 2. HP: 24/26 MP: 2/2
   248 | D:1      | Reached skill level 5 in Axes
  1248 | D:2      | Reached XP level 3. HP: 27/31 MP: 3/3
  1411 | D:2      | HP: 13/31 [worm (10)]
  1884 | D:2      | HP: 15/31 [jackal (2)]
  2217 | D:2      | HP: 15/31 [poisoned by an adder]
  2223 | D:2      | HP: 12/31 [poisoned by an adder]
  2228 | D:2      | HP: 10/31 [poisoned by an adder]
  2235 | D:2      | HP: 9/31 [poisoned by an adder]
  2243 | D:2      | HP: 8/31 [poisoned by an adder]
  2594 | D:3      | Reached skill level 6 in Axes
  2683 | D:3      | Reached XP level 4. HP: 31/39 MP: 4/4
  2853 | D:3      | Noticed Scuka's ghost (amateur BaSu)
  2987 | D:3      | HP: 19/39 [something/magic dart (4)]
  2990 | D:3      | HP: 7/39 [something/puff of flame (7)]
  2991 | D:3      | Killed from afar by an orc wizard

Vanquished Creatures
  A howler monkey skeleton (D:3)
  An adder (D:3)
  2 worms (D:2)
  4 dart slugs
  A leopard gecko (D:1)
  An orc (D:3)
  5 goblins
  A hobgoblin (D:2)
  4 jackals
  2 bats (D:3)
  3 frilled lizards
  A kobold (D:2)
  A leopard gecko skeleton (D:2)
  5 rats
32 creatures vanquished.

Vanquished Creatures (others)
  An orc wizard (D:3)
1 creature vanquished.

Grand Total: 33 creatures vanquished
